 Dungeon Crawl Stone Soup version 0.20.1-1-g8b1a95d (webtiles) character file.

38 Gargoyl the Skirmisher (level 3, -1/34 HPs)
             Began as a Minotaur Abyssal Knight on Aug 31, 2017.
             Was a Follower of Lugonu.
             Slain by Sigmund
             ... wielding a +0 scythe
              (4 damage)
             ... on level 2 of the Dungeon.
             The game lasted 00:03:41 (1209 turns).

Gargoyl the Skirmisher (Minotaur Abyssal Knight)    Turns: 1209, Time: 00:03:42

Health: -1/34      AC: 10    Str: 20 (21) XL:     3   Next: 25%
Magic:  3/3        EV:  7    Int:  9      God:    Lugonu [*.....]
Gold:   133        SH:  0    Dex:  7 (10) Spells: 2/2 levels left

rFire    + . .     SeeInvis .   d - +0 broad axe
rCold    + . .     Gourm    .   (no shield)
rNeg     . . .     Faith    .   g - +0 chain mail
rPois    +         Spirit   .   (helmet restricted)
rElec    +         Reflect  .   (no cloak)
rCorr    +         Harm     .   j - +0 pair of gloves
MR       .....                  (no boots)
Stlth    ..........             (no amulet)
Regen    0.2/turn               (no ring)
MPRegen  0.1/turn               (no ring)

@: confused, mighty, resistant, flying, hasted, very quick
A: retaliatory headbutt, horns 2
a: Depart the Abyss, Renounce Religion


You were on level 2 of the Dungeon.
You worshipped Lugonu.
Lugonu was aware of your devotion.
You were not hungry.

You visited 1 branch of the dungeon, and saw 2 of its levels.
You visited the Abyss 1 time.

You collected 133 gold pieces.

Inventory:

Hand Weapons
 d - a +0 broad axe (weapon)
Armour
 g - a +0 chain mail (worn)
 j - a +0 pair of gloves (worn)
Scrolls
 h - a scroll of teleportation
 k - 2 scrolls of identify {unknown}
 l - a scroll of fear {unknown}
Potions
 b - a potion of haste
 i - a potion of flight
Comestibles
 c - 2 bread rations
 f - 2 royal jellies
 m - 2 meat rations
 n - a chunk of flesh
 o - 2 fruits


   Skills:
 + Level 4.3 Fighting
 + Level 3.5 Axes
 + Level 2.5 Armour
 + Level 1.2 Dodging
 + Level 1.9 Invocations


You had 2 spell levels left.
You didn't know any spells.

Dungeon Overview and Level Annotations

Branches:
Dungeon (2/15)

Altars:
Kikubaaqudgha
The Shining One

Annotations:
D:2 Sigmund


Innate Abilities, Weirdness & Mutations

You reflexively headbutt those who attack you in melee.
You have a pair of horns on your head.


Message History

The magic dart hits you!
* * * LOW HITPOINT WARNING * * *
It was a potion of might.
You feel very mighty all of a sudden. The goblin hits you but does no damage.
You barely miss Sigmund. Your headbutt misses Sigmund.
Sigmund is heavily wounded.
You slash the goblin!
You kill the goblin!
Lugonu accepts your kill. Sigmund hits you with a scythe.
* * * LOW HITPOINT WARNING * * *
You completely miss Sigmund.
Sigmund is heavily wounded.
Sigmund gestures at you while chanting.
You are confused.
You hit Sigmund.
Sigmund is heavily wounded.
You're too confused to move!
Sigmund hits you with a scythe.
You die...

#.# #...... #.......# #
#.# #..... ##.....## #
#.# #... ##...## #####.#
####(#######'#######+
...# .#
#....................
...#
#####....................
...#
........(†..............(
...#
._######(#######÷#######+
...# #.@@# ##...## ##'##
#..).(###.....## ♣...♣#
#.......#.......# .....#
#.......#.......# ♣...♣#
#.......#.......# .....#
##.....###.....## ##_###
##...## ##...## #######
##### ##### # ###.#


You could see Sigmund.

Vanquished Creatures
  An ooze (D:2)
  2 dart slugs (D:1)
  2 giant cockroaches (D:1)
  6 goblins
  2 hobgoblins (D:1)
  3 jackals (D:1)
  3 kobolds
  A ball python (D:1)
  3 bats
  A frilled lizard (D:2)
  3 rats
27 creatures vanquished.

Vanquished Creatures (others)
  A kobold (D:2)
1 creature vanquished.

Grand Total: 28 creatures vanquished

Notes
Turn   | Place    | Note
-------+----------+-------------------------------------------
     0 | Abyss:1  | Gargoyl the Minotaur Abyssal Knight began the quest for the Orb.
     0 | Abyss:1  | Reached XP level 1. HP: 19/19 MP: 1/1
    33 | Abyss:2  | Noticed a large abomination
   140 | Abyss:2  | Noticed a thrashing horror
   141 | Abyss:2  | Noticed a small abomination
   142 | D:1      | Escaped the Abyss
   238 | D:1      | Reached XP level 2. HP: 22/27 MP: 2/2
   446 | D:1      | Reached skill level 4 in Fighting
   996 | D:2      | Found a glowing golden altar of the Shining One.
  1060 | D:2      | Reached * piety under Lugonu
  1064 | D:2      | Reached XP level 3. HP: 30/33 MP: 3/3
  1193 | D:2      | Found an ancient bone altar of Kikubaaqudgha.
  1193 | D:2      | Noticed Sigmund
  1209 | D:2      | Slain by Sigmund

Skill      XL: |  1  2 |
---------------+-------+-----
Fighting       | 4 |  4.3
Axes           | 3 |  3.5
Armour         | |  2.5
Dodging        | |  1.2
Invocations    | |  1.9

Action                   || total
-------------------------++-------
Melee: Broad axe         ||    58
       Headbutt          ||     7
Invok: Depart the Abyss  ||     1
  Use: Potion            ||     6
       Scroll            ||     2
  Eat: Chunk             ||     1
Armor: Leather armour    ||     4
       Chain mail        ||    54
Dodge: Dodged            ||    39
